 Dungeon Crawl Stone Soup version 0.30.1-11-g7821555f0a (webtiles) character file.

Game seed: 10859222385620794709

480 Okkudo the Chopper (level 7, 0/61 HPs)
             Began as a Hill Orc Monk on Dec 4, 2023.
             Slain by Grinder (7 damage)
             ... on level 5 of the Dungeon.
             The game lasted 00:14:26 (3836 turns).

Okkudo the Chopper (Hill Orc Monk)                  Turns: 3836, Time: 00:14:26

Health: 0/61       AC: 10    Str: 16    XL:     7   Next: 11%
Magic:  7/7        EV:  7    Int: 10    God:
Gold:   207        SH:  4    Dex: 13    Spells: 6/6 levels left

rFire   . . .        a - +0 hand axe
rCold   . . .        n - +0 buckler
rNeg    . . .        s - +0 chain mail
rPois   .            j - +1 helmet
rElec   .            (no cloak)
rCorr   .            (no gloves)
SInv    .            (no boots)
Will    .....        (no amulet) Stlth
                     (no ring)
HPRegen 0.30/turn    (no ring)
MPRegen 0.10/turn

%: no passive effects
@: no status effects
A: no striking features
a: no special abilities


You were on level 5 of the Dungeon.
You visited 1 branch of the dungeon, and saw 5 of its levels.

You collected 207 gold pieces.

Inventory:

Hand Weapons
 a - a +0 hand axe (weapon)
 r - the +6 Majin-Bo {spellvamp, MP+6 Int+6}
   (You found it on level 3 of the Dungeon)

   Int:       It affects your intelligence (+6).
   MP:        It affects your magic capacity (+6).
Missiles
 i - 5 javelins (quivered)
Armour
 j - a +1 helmet (worn)
 n - a +0 buckler (worn)
 s - a +0 chain mail (worn)
Wands
 v - a wand of flame (13)
Scrolls
 g - 2 scrolls of poison
 l - a scroll of fog {unknown}
 m - a scroll of teleportation
 o - 2 scrolls of amnesia
 p - a scroll of immolation
 q - a scroll of enchant armour
 t - 3 scrolls of vulnerability {unknown}
 u - 2 scrolls of butterflies
Potions
 b - 2 potions of heal wounds {unknown}
 c - a potion of ambrosia
 d - 2 potions of berserk rage {unknown}
 e - a potion of flight {unknown}
 f - 2 potions of haste {unknown}
 h - 3 potions of curing {unknown}
 k - 3 potions of degeneration {unknown}
 w - a potion of might {unknown}
 z - a potion of attraction {unknown}


   Skills:
 + Level 5.0 Fighting
 * Level 7.7 Axes
 + Level 1.4 Armour
 - Level 3.1 Dodging
 + Level 3.0 Shields


You had 6 spell levels left.
You didn't know any spells.
Your spell library contained the following spells:

 Spells                   Type           Power      Damage    Failure   Level
 Shock                    Conj/Air       0%         1d3       100%        1
 Cigotuvi's Dreadful Rot  Necr/Pois/Air  0%         N/A       100%        2
 Swiftness                Air            0%         N/A       100%        3
 Vampiric Draining        Necr           0%         2d6       100%        3
 Airstrike                Air            0%         2d(0-16)  100%        4
 Anguish                  Hex/Necr       0%         N/A       100%        4
 Necromutation            Tmut/Necr      0%         N/A       100%        8


Dungeon Overview and Level Annotations

Branches:
Dungeon (5/15)             Temple (0/1) D:4

Altars:
Hepliaklqana
Nemelex Xobeh
Qazlal
Uskayaw

Annotations:
D:5 Grinder


Message History

You barely miss Grinder.
Grinder is heavily wounded.
Grinder misses you.
You hit Grinder.
Grinder is heavily wounded.
Grinder hits you but does no damage.
You hit Grinder.
Grinder is heavily wounded.
Grinder completely misses you.
You hit Grinder but do no damage.
Grinder is heavily wounded.
Grinder gestures at you.
You suddenly lose the ability to move!
Grinder hits you.
Grinder blinks!
Grinder blinks!
You can move again.
Grinder blinks!
Grinder says, "You look like you could use a good racking."
Grinder hits you!
You writhe in agony.
You hit Grinder.
Grinder is heavily wounded.
Grinder hits you.
You writhe in agony.
* * * LOW HITPOINT WARNING * * *
You hit Grinder.
Grinder is severely wounded.
Grinder hits you.
* * * LOW HITPOINT WARNING * * *
You writhe in agony.
* * * LOW HITPOINT WARNING * * *
You hit Grinder.
Grinder is severely wounded.
Grinder hits you.
* * * LOW HITPOINT WARNING * * *
You writhe in agony.
* * * LOW HITPOINT WARNING * * *
You hit Grinder but do no damage.
Grinder is severely wounded.
Grinder hits you!
You die...

........#
#......# ##
#.....# ...
#.....# ...#
###).<..#
#...#####.......#
#...$...........#
#.........#.....#
......(...@5....#
###....##.......#
##########.....#
#.###..# .# #..
.#


You could see Grinder.

Vanquished Creatures
  A scorpion (D:4)
  A howler monkey (D:4)
  A hound (D:4)
  Jessica (D:3)
  2 iguanas (D:4)
  Natasha (thrice) (D:3)
  5 gnolls
  7 adders
  A white imp (D:4)
  2 dart slugs
  2 orcs (D:4)
  14 ball pythons
  9 endoplasms
  2 giant cockroaches
  3 goblins
  9 hobgoblins
  7 quokkas
  4 bats
  2 frilled lizards
  8 kobolds
  9 rats
93 creatures vanquished.

Notes
Turn   | Place    | Note
-------+----------+-------------------------------------------
     0 | D:1      | Okkudo the Hill Orc Monk began the quest for the Orb.
     0 | D:1      | Reached XP level 1. HP: 19/19 MP: 1/1
   128 | D:1      | Reached XP level 2. HP: 19/27 MP: 2/2
   425 | D:1      | Reached XP level 3. HP: 31/33 MP: 3/3
   780 | D:1      | Found a faded altar of an unknown god.
   922 | D:2      | Reached skill level 5 in Axes
   922 | D:2      | Reached XP level 4. HP: 27/41 MP: 4/4
  1401 | D:2      | Identified the +5 leather armour of Fortitude {Harm Rampage
                  | rF- rN+}
  1791 | D:3      | Noticed Natasha
  1803 | D:3      | Killed Natasha
  1804 | D:3      | Reached skill level 1 in Shields
  1804 | D:3      | Reached XP level 5. HP: 34/47 MP: 5/5
  1859 | D:3      | Found the +6 Majin-Bo {spellvamp, MP+6 Int+6}
  2027 | D:3      | Noticed Jessica
  2047 | D:3      | Killed Jessica
  2048 | D:3      | Reached skill level 6 in Axes
  2056 | D:3      | Got the Anthology of Blasphemous Spells
  2063 | D:3      | Found a hazy altar of Hepliaklqana.
  2126 | D:3      | Noticed Natasha
  2133 | D:3      | Killed Natasha
  2372 | D:3      | Noticed Natasha
  2380 | D:3      | Killed Natasha
  2381 | D:3      | Reached XP level 6. HP: 53/53 MP: 6/6
  2417 | D:4      | Found a staircase to the Ecumenical Temple.
  2652 | D:4      | Reached skill level 7 in Axes
  2887 | D:4      | Found a stormy altar of Qazlal.
  2889 | D:4      | Found a hide-covered altar of Uskayaw.
  3148 | D:4      | Reached skill level 1 in Armour
  3149 | D:4      | Found a sparkling altar of Nemelex Xobeh.
  3701 | D:5      | Entered Level 5 of the Dungeon
  3701 | D:5      | Noticed Grinder
  3722 | D:4      | Reached skill level 5 in Fighting
  3722 | D:4      | Reached XP level 7. HP: 35/61 MP: 7/7
  3813 | D:5      | Paralysed by Grinder for 3 turns
  3823 | D:5      | Paralysed by Grinder for 4 turns
  3836 | D:5      | Slain by Grinder

Illustrated notes

Levels and vault maps discovered:
D:1:      dpeg_arrival_boxorama, layout_basic, ebering_ecumenical_altar_hall,
          minmay_indecisive_spiral
D:2:      layout_loops_ring, small_statue_intersection, minmay_tetromino_o2
D:3:      layout_rooms, nicolae_hepliaklqana_hippocampus,
          minmay_randomly_rotated_circles, uniq_natasha, uniq_jessica
D:4:      layout_cave_pools, minitemple, marbit_many_paths,
          minmay_temple_entry_butterflies, kennysheep_cluttered_room
D:5:      layout_layer_cave, mainiacjoe_overflow_alcove_4, st_stairs_10,
          minivault_24, minmay_misc_feat_secret_circle, uniq_menkaure,
          uniq_grinder, uniq_eustachio

Skill      XL: |  1  2  3  4  5  6 |
---------------+-------------------+-----
Fighting       | 4 5 |  5.0
Dodging        | 3 |  3.1
Axes           | 5 6 7 |  7.7
Shields        | 1 2 3 |  3.0
Armour         | 1 |  1.4

Action                     |  1- 3 |  4- 6 |  7- 9 || total
---------------------------+-------+-------+-------++-------
  Melee: Hand axe          |    96 |   221 |    11 ||   328
  Throw: Javelin           |       |    10 |       ||    10
    Use: Scroll            |       |     8 |       ||     8
 Armour: Robe              |    18 |     2 |       ||    20
         Leather armour    |       |    24 |       ||    24
         Chain mail        |       |   114 |     1 ||   115
  Dodge: Dodged            |    60 |   106 |     2 ||   168
  Block: Buckler           |       |    45 |       ||    45
